 Dungeon Crawl Stone Soup version 0.17-a0-1850-g688e747 (webtiles) character file.

308 4thArraOfDagon the Firebug (level 6, -4/32 HPs)
             Began as a Tengu Fire Elementalist on Sept 18, 2015.
             Slain by Grinder (10 damage)
             ... while paralysed by Grinder
             ... on level 5 of the Dungeon.
             The game lasted 00:08:34 (1603 turns).

4thArraOfDagon the Firebug (TeFE)                   Turns: 1603, Time: 00:08:35

Health: -4/32      AC:  8    Str:  8    XL:     6   Next: 40%
Magic:  6/11       EV:  2    Int: 18    God:
Gold:   137        SH:  0    Dex: 14    Spells: 3 memorised, 3 levels left

rFire  . . .     SeeInvis .     k - +2 flail (protect)
rCold  . . .     Clarity  .     a - +1 robe
rNeg   . . .     SustAt   .     (no shield)
rPois  .         Gourm    .     (helmet restricted)
rElec  .         Spirit   .     (no cloak)
rCorr  .         Warding  .     (no gloves)
rMut   .         Stasis   .     (boots unavailable)
MR     .....                    (no amulet)
Stlth  ++........               (no ring)
                                (no ring)

@: paralysed, not resistant to hostile enchantments, unstealthy
A: beak, talons 3, able to fly 1
a: Fly


You were on level 5 of the Dungeon.
You were not hungry.

You visited 1 branch of the dungeon, and saw 6 of its levels.

You collected 137 gold pieces.

Inventory:

Hand weapons
 f - a +0 club
 k - a +2 flail of protection (weapon)
 m - a +0 blowgun
Missiles
 n - 16 poisoned needles
Armour
 a - a +1 robe (worn)
 e - the +5 scale mail of the Manifold Demons {Dex+3 Slay+3, unknown}
   (You found it on level 6 of the Dungeon)

   It affects your dexterity (+3).
   It affects your accuracy and damage with ranged weapons and melee attacks
   (+3).
Magical devices
 j - a wand of disintegration (6)
Scrolls
 h - a scroll of identify {unknown}
Books
 b - a book of Flames

   Spells                             Type                      Level
   a - Flame Tongue                   Conjuration/Fire             1
   b - Throw Flame                    Conjuration/Fire             2
   c - Conjure Flame                  Conjuration/Fire             3
   d - Inner Flame                    Hexes/Fire                   3
   e - Sticky Flame                   Conjuration/Fire             4
   f - Fireball                       Conjuration/Fire             5
Comestibles
 c - 2 bread rations
 d - 3 chunks of flesh
 g - a meat ration


   Skills:
 - Level 2.1 Dodging
 - Level 2.0 Stealth
 + Level 3.1 Spellcasting
 * Level 5.3 Conjurations
 * Level 5.4 Fire Magic


You had 3 spell levels left.
You knew the following spells:

 Your Spells              Type           Power        Failure   Level  Hunger
a - Flame Tongue          Conj/Fire      ###..        1%          1    None
b - Conjure Flame         Conj/Fire      ###.....     6%          3    ###....
c - Sticky Flame          Conj/Fire      ###.....     21%         4    ####...


Dungeon Overview and Level Annotations

Branches:
Dungeon (6/15)
 Temple: D:4-7

Altars:

Annotations:
D:2 Sigmund
D:5 Grinder


Innate Abilities, Weirdness & Mutations

You have a beak for a mouth.
You have claws for feet.
You can fly.


Message History

Press: ? - help, Shift-Dir - straight line, f/p - Grinder
Aim: Grinder (lightly wounded, covered in liquid flames)
The flame tongue hits Grinder.
Grinder is lightly wounded.
Grinder burns!
Grinder gestures at you.
You suddenly lose the ability to move!
Grinder burns!
Grinder hits you but does no damage.
Grinder burns!
Grinder hits you.
You writhe in agony.
Grinder burns!
Grinder gestures at you. Pain shoots through your body!
* * * LOW HITPOINT WARNING * * *
Grinder burns!
Grinder says, "Just stop there for a second..."
Grinder hits you but does no damage.
Grinder burns!
Grinder stops burning.
Grinder hits you but does no damage.
Grinder says, "Don't move a muscle."
Grinder hits you!
You die...

#############
#...........#
#...........#
#...........#
#...........#
**********#<..........#
*,,,,,,,,,+.....@5....#
*,,,,,,,,*#...).......#
********,*#...........#
,,,* *,*#...........#
,,,* *,*######+#+####
,,,* *,,* *,*,* ,,,*
**,** *,*,* *,,*** *,,*
*,*,* *,,,,* **,* *,*,*


You could see Grinder.

Vanquished Creatures
  Menkaure (D:5)
  A centaur (D:6)
  A hound skeleton (D:4)
  4 adders
  13 orcs
  3 goblins
  5 hobgoblins
  6 kobolds
  A quokka (D:3)
  3 bats
  A giant cockroach (D:2)
  3 giant newts
  4 rats (D:1)
46 creatures vanquished.

Notes
Turn   | Place    | Note
--------------------------------------------------------------
     0 | D:1      | 4thArraOfDagon the Tengu Fire Elementalist began the quest for the Orb.
     0 | D:1      | Reached XP level 1. HP: 10/10 MP: 4/4
   149 | D:2      | Noticed Sigmund
   210 | D:1      | Reached XP level 2. HP: 15/15 MP: 1/6
   246 | D:1      | sigmund vs halber
   499 | D:2      | Reached XP level 3. HP: 8/19 MP: 0/7
   504 | D:2      | Learned a level 3 spell: Conjure Flame
   773 | D:3      | Reached skill level 4 in Fire Magic
   834 | D:3      | Noticed a centaur
   871 | D:4      | Reached XP level 4. HP: 13/24 MP: 5/8
  1129 | D:5      | Entered Level 5 of the Dungeon
  1160 | D:5      | Noticed an ice beast
  1251 | D:5      | :./
  1263 | D:5      | ROTFL
  1306 | D:5      | Noticed Menkaure
  1432 | D:5      | Killed Menkaure
  1432 | D:5      | Reached skill level 5 in Fire Magic
  1432 | D:5      | Gained mutation: You can fly. [Tengu growth]
  1432 | D:5      | Reached XP level 5. HP: 24/28 MP: 4/10
  1477 | D:5      | Reached XP level 6. HP: 32/32 MP: 4/11
  1504 | D:5      | Learned a level 4 spell: Sticky Flame
  1508 | D:6      | ROTFL
  1508 | D:6      | 2*24% fail streak
  1510 | D:6      | Reached skill level 5 in Conjurations
  1533 | D:6      | Got a steaming scale mail
  1542 | D:5      | Noticed Grinder
  1597 | D:5      | Paralysed by Grinder for 7 turns
  1603 | D:5      | Slain by Grinder

Vault maps used:
D:1:      scummos_arrival_hexagon
D:2:      ecumenical_altar_1, uniq_sigmund
D:4:      minmay_misc_feat_plants, serial_bayou_lake_a
D:5:      minmay_temple_entry_enclosed_plants, first_bread, uniq_menkaure,
          uniq_grinder, uniq_duvessa, uniq_crazy_yiuf_cottage
D:6:      lemuel_doored_altar, enter_ossuary_1, lemuel_old_faithful

Action                   |  1- 3 |  4- 6 || total
-------------------------+-------+-------++-------
Melee: Club              |    12 |       ||    12
       Flail             |    16 |    12 ||    28
 Cast: Flame Tongue      |    53 |    33 ||    86
       Conjure Flame     |     1 |     1 ||     2
       Sticky Flame      |       |     1 ||     1
Evoke: Wand              |       |     3 ||     3
  Use: Potion            |     3 |     1 ||     4
       Scroll            |     1 |     3 ||     4
 Stab: Sleeping          |     1 |       ||     1
  Eat: Chunk             |     1 |     3 ||     4
